Workbook

Sheet Presentation

Sheet Presentation Feeder
A1: Las Montañas Charter High School
A2: BUDGET REPORTS FISCAL YEAR 2023-2024
A3: Revenue | B3: FUND NAME | C3: FUND # | D3: BUDGET | E3: ADJUSTMENT | H3: EXPENDITURE TO DATE | J3: ENCUMBRANCE | K3: ACTUALS TO DATE | L3: BUDGET BALANCE | M3: PERCENTAGE | O3: GL BUDGET | P3: ACTUALS TO DATE | Q3: FUND #
A4: * | B4: Operational | C4: 11000 | D4: 2624150.8 | E4: -150529.17 | H4: 1823336.6 | I4: 1294005.9 | J4: 345139.9 | K4: =SUM('Presentation Feeder'!H4,'Presentation Feeder'!J4) -> 2168476.5 | L4: =O4-(H4+J4) -> 305145.2 | M4: =L4/O4 -> 0.12335969 | O4: =D4+E4 -> 2473621.7 | P4: 2168476.5 | Q4: 11000
A5: > | B5: Student Nutrition | C5: 21000 | D5: 62713 | E5: -407 | H5: 62713 | J5: 0 | K5: =SUM('Presentation Feeder'!H5,'Presentation Feeder'!J5) -> 62713 | L5: 0 | M5: =L5/D5 -> 0 | O5: =D5+E5 -> 62306 | P5: 62713 | Q5: 21000
A6: > | B6: Title I | C6: 24101 | D6: 62842 | E6: 0 | H6: 47614.02 | J6: 12287.31 | K6: =SUM('Presentation Feeder'!H6,'Presentation Feeder'!J6) -> 59901.33 | L6: =O6-(H6+J6) -> 2940.67 | M6: =L6/O6 -> 0.04679466 | O6: =D6+E6 -> 62842 | P6: 59901.33 | Q6: 24101
A7: > | B7: Entitlement | C7: 24106 | D7: 92561.27 | E7: 0 | H7: 33514.91 | J7: 34778.36 | K7: =SUM('Presentation Feeder'!H7,'Presentation Feeder'!J7) -> 68293.27 | L7: =O7-(H7+J7) -> 24268 | M7: =L7/O7 -> 0.26218309 | O7: =D7+E7 -> 92561.27 | P7: 68293.27 | Q7: 24106
A8: > | B8: Title II | C8: 24154 | D8: 6260.14 | E8: 14742 | H8: 0 | J8: 0 | K8: =SUM('Presentation Feeder'!H8,'Presentation Feeder'!J8) -> 0 | L8: =O8-(H8+J8) -> 21002.14 | M8: =L8/O8 -> 1 | O8: =D8+E8 -> 21002.14 | P8: 0 | Q8: 24154
A9: > | B9: Carl Perkins Secondary | C9: 24174 | D9: 7233 | E9: 0 | H9: 4468.32 | J9: 62.03 | K9: =SUM('Presentation Feeder'!H9,'Presentation Feeder'!J9) -> 4530.35 | L9: =O9-(H9+J9) -> 2702.65 | M9: =L9/O9 -> 0.37365547 | O9: =D9+E9 -> 7233 | P9: 4530.35 | Q9: 24174
A10: > | B10: Carl Perkins Redistribution | C10: 24176 | D10: 10300 | E10: 0 | H10: 9864.72 | J10: 0 | K10: =SUM('Presentation Feeder'!H10,'Presentation Feeder'!J10) -> 9864.72 | L10: =O10-(H10+J10) -> 435.28 | M10: =L10/D10 -> 0.042260194 | O10: =D10+E10 -> 10300 | P10: 9864.72 | Q10: 24176
A11: > | B11: Student Support & Academic Enrichment | C11: 24189 | D11: 20537 | E11: -8829 | H11: 6625.53 | J11: 3374.47 | K11: =SUM('Presentation Feeder'!H11,'Presentation Feeder'!J11) -> 10000 | L11: =O11-(H11+J11) -> 1708 | M11: =L11/O11 -> 0.14588316 | O11: =D11+E11 -> 11708 | P11: 10000 | Q11: 24189
A12: > | B12: Comprehensive Support & Improvement | C12: 24190 | D12: 52940 | E12: 0 | H12: 32275.64 | J12: 0 | K12: =SUM('Presentation Feeder'!H12,'Presentation Feeder'!J12) -> 32275.64 | L12: =O12-(H12+J12) -> 20664.36 | M12: =L12/D12 -> 0.39033547 | O12: =D12+E12 -> 52940 | P12: 32275.64 | Q12: 24190
A13: > | B13: ESSER II CRSSA | C13: 24308 | D13: 183361 | E13: 0 | H13: 56015 | J13: 0 | K13: =SUM('Presentation Feeder'!H13,'Presentation Feeder'!J13) -> 56015 | L13: =O13-(H13+J13) -> 127346 | M13: =L13/D13 -> 0.69450974 | O13: =D13+E13 -> 183361 | P13: 56015 | Q13: 24308
A14: > | B14: ESSER III American Rescue Plan | C14: 24330 | D14: 420447 | E14: 0 | H14: 138642.43 | J14: 12446.7 | K14: =SUM('Presentation Feeder'!H14,'Presentation Feeder'!J14) -> 151089.13 | L14: =O14-(H14+J14) -> 269357.87 | M14: =L14/D14 -> 0.64064643 | O14: =D14+E14 -> 420447 | P14: 151089.13 | Q14: 24330
A15: > | B15: IDEA/American Rescue Plan | C15: 24346 | D15: 9415 | E15: 0 | H15: 1587.6 | J15: 0 | K15: =SUM('Presentation Feeder'!H15,'Presentation Feeder'!J15) -> 1587.6 | L15: =D15-(H15+J15) -> 7827.4 | M15: =L15/D15 -> 0.83137546 | O15: =D15+E15 -> 9415 | P15: 1587.6 | Q15: 24346
A16: > | B16: IDEA/American Rescue Plan | C16: 24349 | D16: 805 | E16: 0 | H16: 0 | J16: 0 | K16: =SUM('Presentation Feeder'!H16,'Presentation Feeder'!J16) -> 0 | L16: =O16-(H16+J16) -> 805 | M16: =L16/D16 -> 1 | O16: =D16+E16 -> 805 | P16: 0 | Q16: 24349
A17: * | B17: Medicaid | C17: 25153 | D17: 16255.36 | E17: 4368.64 | H17: 358.09 | J17: 0 | K17: =SUM('Presentation Feeder'!H17,'Presentation Feeder'!J17) -> 358.09 | L17: =O17-(H17+J17) -> 20265.91 | M17: =L17/O17 -> 0.98263722 | O17: =D17+E17 -> 20624 | P17: 358.09 | Q17: 25153
A18: * | B18: Spaceport GRT Grant Doña Ana | C18: 26204 | D18: 51881 | K18: =SUM('Presentation Feeder'!H18,'Presentation Feeder'!J18) -> 0 | L18: =O18-(H18+J18) -> 51881 | M18: =L18/O18 -> 1 | O18: =D18+E18 -> 51881 | P18: 0 | Q18: 26204
A19: > | B19: GO Library | C19: 27107 | D19: 2679 | E19: 0 | H19: 0 | J19: 0 | K19: =SUM('Presentation Feeder'!H19,'Presentation Feeder'!J19) -> 0 | L19: =O19-(H19+J19) -> 2679 | M19: =L19/D19 -> 1 | O19: =D19+E19 -> 2679 | P19: 0 | Q19: 27107
A20: > | B20: Instructional Materials -Special Approp | C20: 27109 | D20: 2857.16 | E20: 0 | H20: 1478.19 | J20: 0 | K20: =SUM('Presentation Feeder'!H20,'Presentation Feeder'!J20) -> 1478.19 | L20: =O20-(H20+J20) -> 1378.97 | M20: =L20/D20 -> 0.4826366 | O20: =D20+E20 -> 2857.16 | P20: 1478.19 | Q20: 27109
A21: > | B21: Family Income Index | C21: 27407 | D21: 100533 | E21: 0 | H21: 27394.83 | J21: 52555.06 | K21: =SUM('Presentation Feeder'!H21,'Presentation Feeder'!J21) -> 79949.89 | L21: =D21-(H21+J21) -> 20583.11 | M21: =L21/D21 -> 0.20473984 | O21: =D21+E21 -> 100533 | P21: 79949.89 | Q21: 27407
A22: > | B22: Career Tech Ed Program | C22: 27502 | D22: 98385.5 | E22: 451 | H22: 97997 | J22: 835 | K22: =SUM('Presentation Feeder'!H22,'Presentation Feeder'!J22) -> 98832 | L22: =O22-(H22+J22) -> 4.5 | M22: =L22/D22 -> 4.5738447e-05 | O22: =D22+E22 -> 98836.5 | P22: 98832 | Q22: 27502
A23: > | B23: Innovations Zones | C23: 27552 | D23: 200000 | E23: 0 | H23: 105645.44 | J23: 13789.73 | K23: =SUM('Presentation Feeder'!H23,'Presentation Feeder'!J23) -> 119435.17 | L23: =O23-(H23+J23) -> 80564.83 | M23: =L23/D23 -> 0.40282415 | O23: =D23+E23 -> 200000 | P23: 119435.17 | Q23: 27552
A24: > | B24: SEL Mini-Grant | C24: 27583 | D24: 25000 | J24: 8508.96 | K24: =SUM('Presentation Feeder'!H24,'Presentation Feeder'!J24) -> 8508.96 | L24: =O24-(H24+J24) -> 16491.04 | M24: =L24/D24 -> 0.6596416 | O24: =D24+E24 -> 25000 | P24: 8508.96 | Q24: 27583
A25: > | B25: PSCOC Lease Assistance | C25: 31200 | D25: 0 | E25: 137429 | H25: 114524.2 | J25: 22904.8 | K25: =SUM('Presentation Feeder'!H25,'Presentation Feeder'!J25) -> 137429 | L25: =O25-(H25+J25) -> 0 | M25: =L25/O25 -> 0 | O25: =D25+E25 -> 137429 | P25: 137429 | Q25: 31200
A26: * | B26: HB-33 | C26: 31600 | D26: 26560.44 | E26: 10979.56 | H26: 10922.41 | J26: 0 | K26: =SUM('Presentation Feeder'!H26,'Presentation Feeder'!J26) -> 10922.41 | L26: =O26-(H26+J26) -> 26617.59 | M26: =L26/O26 -> 0.70904608 | O26: =D26+E26 -> 37540 | P26: 10922.41 | Q26: 31600
A27: > | B27: SB-9 Special | C27: 31703 | D27: 30215 | E27: 0 | H27: 0 | J27: 0 | K27: =SUM('Presentation Feeder'!H27,'Presentation Feeder'!J27) -> 0 | L27: =O27-(H27+J27) -> 30215 | M27: =L27/D27 -> 1 | O27: =D27+E27 -> 30215 | P27: 0 | Q27: 31703
B30: TOTAL | D30: =SUM(D4:D27) -> 4107931.7 | E30: =SUM(E4:E27) -> 8205.03 | H30: =SUBTOTAL(9,H4:H27) -> 2574977.9 | J30: =SUM(J4:J29) -> 506682.32 | L30: =SUM(L4:L29) -> 1034883.5 | M30: =L30/O30 -> 0.25142107 | O30: =SUM(O4:O27) -> 4116136.7

Sheet May 2024
A1: Las Montañas Charter High School
A2: BUDGET REPORTS FISCAL YEAR 2023-2024
A3: Revenue | B3: FUND NAME | C3: FUND # | D3: BUDGET | E3: ADJUSTMENT | F3: GL BUDGET | H3: EXPENDITURE TO DATE | J3: ENCUMBRANCE | L3: BUDGET BALANCE | M3: PERCENTAGE
A4: * | B4: Operational | C4: 11000 | D4: 2624150.8 | E4: -150529.17 | F4: =D4+E4 -> 2473621.7 | H4: 1823336.6 | I4: 1294005.9 | J4: 345139.9 | L4: =F4-(H4+J4) -> 305145.2 | M4: =L4/F4 -> 0.12335969
A5: > | B5: Student Nutrition | C5: 21000 | D5: 62713 | E5: -407 | F5: =D5+E5 -> 62306 | H5: 62713 | J5: 0 | L5: 0 | M5: =L5/D5 -> 0
A6: Activity | B6: General Activity (Non-Inst. Support) | C6: 23000 | D6: 2200 | E6: 5551 | F6: =D6+E6 -> 7751 | H6: 1044.48 | J6: 404.38 | L6: =F6-(H6+J6) -> 6302.14 | M6: =L6/F6 -> 0.81307444
A7: Activity | B7: Vending Machine | C7: 23005 | E7: 0 | F7: =D7+E7 -> 0 | H7: 0 | J7: 0 | L7: 0 | M7: =L7/D7 -> #DIV/0!
A8: Activity | B8: Senior Class | C8: 23008 | E8: 0 | F8: =D8+E8 -> 0 | H8: 146.48 | J8: 468.59 | L8: =F8-(H8+J8) -> -615.07 | M8: =L8/F8 -> #DIV/0!
A9: Activity | B9: ENLACE/Student Council | C9: 23009 | E9: 0 | F9: =D9+E9 -> 0 | H9: 245.95 | J9: 108.16 | L9: =F9-(H9+J9) -> -354.11 | M9: =L9/F9 -> #DIV/0!
A10: Activity | B10: Athletics | C10: 23010 | E10: 0 | F10: =D10+E10 -> 0 | H10: 1363.86 | J10: 0 | L10: =F10-(H10+J10) -> -1363.86 | M10: =L10/F10 -> #DIV/0!
A11: Activity | B11: CTSO - Carpentry | C11: 23013 | E11: 0 | F11: =D11+E11 -> 0 | H11: 75 | J11: 150 | L11: =F11-(H11+J11) -> -225 | M11: =L11/F11 -> #DIV/0!
A12: Activity | B12: CTSO - EdRising | C12: 23014 | E12: 0 | F12: =D12+E12 -> 0 | H12: 441.17 | J12: 60.95 | L12: =F12-(H12+J12) -> -502.12 | M12: =L12/F12 -> #DIV/0!
A13: > | B13: Title I | C13: 24101 | D13: 62842 | E13: 0 | F13: =D13+E13 -> 62842 | H13: 47614.02 | J13: 12287.31 | L13: =F13-(H13+J13) -> 2940.67 | M13: =L13/F13 -> 0.04679466
A14: > | B14: Entitlement | C14: 24106 | D14: 92561.27 | E14: 0 | F14: =D14+E14 -> 92561.27 | H14: 33514.91 | J14: 34778.36 | L14: =F14-(H14+J14) -> 24268 | M14: =L14/F14 -> 0.26218309
A15: > | B15: Title II | C15: 24154 | D15: 6260.14 | E15: 14742 | F15: =D15+E15 -> 21002.14 | H15: 0 | J15: 0 | L15: =F15-(H15+J15) -> 21002.14 | M15: =L15/F15 -> 1
A16: > | B16: Carl Perkins Secondary | C16: 24174 | D16: 7233 | E16: 0 | F16: =D16+E16 -> 7233 | H16: 4468.32 | J16: 62.03 | L16: =F16-(H16+J16) -> 2702.65 | M16: =L16/F16 -> 0.37365547
A17: > | B17: Carl Perkins Redistribution | C17: 24176 | D17: 10300 | E17: 0 | F17: =D17+E17 -> 10300 | H17: 9864.72 | J17: 0 | L17: =F17-(H17+J17) -> 435.28 | M17: =L17/D17 -> 0.042260194
A18: > | B18: Student Support & Academic Enrichment | C18: 24189 | D18: 20537 | E18: -8829 | F18: =D18+E18 -> 11708 | H18: 6625.53 | J18: 3374.47 | L18: =F18-(H18+J18) -> 1708 | M18: =L18/F18 -> 0.14588316
A19: > | B19: Comprehensive Support & Improvement | C19: 24190 | D19: 52940 | E19: 0 | F19: =D19+E19 -> 52940 | H19: 32275.64 | J19: 0 | L19: =F19-(H19+J19) -> 20664.36 | M19: =L19/D19 -> 0.39033547
A20: > | B20: ESSER II CRSSA | C20: 24308 | D20: 183361 | E20: 0 | F20: =D20+E20 -> 183361 | H20: 56015 | J20: 0 | L20: =F20-(H20+J20) -> 127346 | M20: =L20/D20 -> 0.69450974
A21: > | B21: ESSER III American Rescue Plan | C21: 24330 | D21: 420447 | E21: 0 | F21: =D21+E21 -> 420447 | H21: 138642.43 | J21: 12446.7 | L21: =F21-(H21+J21) -> 269357.87 | M21: =L21/D21 -> 0.64064643
A22: > | B22: IDEA/American Rescue Plan | C22: 24346 | D22: 9415 | E22: 0 | F22: =D22+E22 -> 9415 | H22: 1587.6 | J22: 0 | L22: =D22-(H22+J22) -> 7827.4 | M22: =L22/D22 -> 0.83137546
A23: > | B23: IDEA/American Rescue Plan | C23: 24349 | D23: 805 | E23: 0 | F23: =D23+E23 -> 805 | H23: 0 | J23: 0 | L23: =F23-(H23+J23) -> 805 | M23: =L23/D23 -> 1
A24: * | B24: Medicaid | C24: 25153 | D24: 16255.36 | E24: 4368.64 | F24: =D24+E24 -> 20624 | H24: 358.09 | J24: 0 | L24: =F24-(H24+J24) -> 20265.91 | M24: =L24/F24 -> 0.98263722
A25: * | B25: Spaceport GRT Grant Doña Ana | C25: 26204 | D25: 51881 | F25: =D25+E25 -> 51881 | L25: =F25-(H25+J25) -> 51881 | M25: =L25/F25 -> 1
A26: > | B26: GO Library | C26: 27107 | D26: 2679 | E26: 0 | F26: =D26+E26 -> 2679 | H26: 0 | J26: 0 | L26: =F26-(H26+J26) -> 2679 | M26: =L26/D26 -> 1
A27: > | B27: Instructional Materials -Special Approp | C27: 27109 | D27: 2857.16 | E27: 0 | F27: =D27+E27 -> 2857.16 | H27: 1478.19 | J27: 0 | L27: =F27-(H27+J27) -> 1378.97 | M27: =L27/D27 -> 0.4826366
A28: > | B28: Family Income Index | C28: 27407 | D28: 100533 | E28: 0 | F28: =D28+E28 -> 100533 | H28: 27394.83 | J28: 52555.06 | L28: =D28-(H28+J28) -> 20583.11 | M28: =L28/D28 -> 0.20473984
A29: > | B29: Career Tech Ed Program | C29: 27502 | D29: 98385.5 | E29: 451 | F29: =D29+E29 -> 98836.5 | H29: 97997 | J29: 835 | L29: =F29-(H29+J29) -> 4.5 | M29: =L29/D29 -> 4.5738447e-05
A30: > | B30: Innovations Zones | C30: 27552 | D30: 200000 | E30: 0 | F30: =D30+E30 -> 200000 | H30: 105645.44 | J30: 13789.73 | L30: =F30-(H30+J30) -> 80564.83 | M30: =L30/D30 -> 0.40282415
A31: > | B31: SEL Mini-Grant | C31: 27583 | D31: 25000 | F31: =D31+E31 -> 25000 | J31: 8508.96 | L31: =F31-(H31+J31) -> 16491.04 | M31: =L31/D31 -> 0.6596416
A32: > | B32: PSCOC Lease Assistance | C32: 31200 | D32: 0 | E32: 137429 | F32: =D32+E32 -> 137429 | H32: 114524.2 | J32: 22904.8 | L32: =F32-(H32+J32) -> 0 | M32: =L32/F32 -> 0
A33: * | B33: HB-33 | C33: 31600 | D33: 26560.44 | E33: 10979.56 | F33: =D33+E33 -> 37540 | H33: 10922.41 | J33: 0 | L33: =F33-(H33+J33) -> 26617.59 | M33: =L33/F33 -> 0.70904608
A34: > | B34: SB-9 Special | C34: 31703 | D34: 30215 | E34: 0 | F34: =D34+E34 -> 30215 | H34: 0 | J34: 0 | L34: =F34-(H34+J34) -> 30215 | M34: =L34/D34 -> 1
B37: TOTAL | D37: =SUM(D4:D34) -> 4110131.7 | E37: =SUM(E4:E34) -> 13756.03 | F37: =SUM(F4:F34) -> 4123887.7 | H37: =SUBTOTAL(9,H4:H34) -> 2578294.8 | J37: =SUM(J4:J36) -> 507874.4 | L37: =SUM(L4:L36) -> 1038125.5 | M37: =L37/F37 -> 0.25173467
B39: * = Guaranteed Revenue
B40: > RfR process, LMCHS must expend then request reimbursement
B41: Activity Fund - Revenue Generated

Sheet May 2024 Detail
A1: 1Description | B1: 2Description | C1: 3Description | D1: Budget | E1: FinalBudget | F1: RangeToDate | G1: AccountYTD | H1: Encumbrance | I1: BudgetBal
A2: FUND: Operational - 11000 | B2: FUNCTION: INSTRUCTION - 1000 | C2: OBJECT: SALARIES EXPENSE - 51100 | D2: 0 | E2: 0 | F2: 0 | G2: 360 | H2: 0 | I2: -360
A3: FUND: Operational - 11000 | B3: FUNCTION: INSTRUCTION - 1000 | C3: OBJECT: SALARIES EXPENSE - 51100 | D3: 521171 | E3: 521171 | F3: 42819.62 | G3: 474862.28 | H3: 64229.24 | I3: -17920.52
A4: FUND: Operational - 11000 | B4: FUNCTION: INSTRUCTION - 1000 | C4: OBJECT: SALARIES EXPENSE - 51100 | D4: 600 | E4: 600 | F4: 0 | G4: 0 | H4: 0 | I4: 600
A5: FUND: Operational - 11000 | B5: FUNCTION: INSTRUCTION - 1000 | C5: OBJECT: SALARIES EXPENSE - 51100 | D5: 142986 | E5: 142986 | F5: 12861.68 | G5: 135047.63 | H5: 19292.37 | I5: -11354
A6: FUND: Operational - 11000 | B6: FUNCTION: INSTRUCTION - 1000 | C6: OBJECT: SALARIES EXPENSE - 51100 | D6: 78358 | E6: 78358 | F6: 6668.18 | G6: 70015.89 | H6: 10002.11 | I6: -1660
A7: FUND: Operational - 11000 | B7: FUNCTION: INSTRUCTION - 1000 | C7: OBJECT: SALARIES EXPENSE - 51100 | D7: 78340 | E7: 78340 | F7: 5550.84 | G7: 58283.82 | H7: 8326.18 | I7: 11730
A8: FUND: Operational - 11000 | B8: FUNCTION: INSTRUCTION - 1000 | C8: OBJECT: SALARIES EXPENSE - 51100 | D8: 25000 | E8: 25000 | F8: 1831.84 | G8: 19234.32 | H8: 2747.68 | I8: 3018
A9: FUND: Operational - 11000 | B9: FUNCTION: INSTRUCTION - 1000 | C9: OBJECT: ADDITIONAL COMPENSATION - 51300 | D9: 5000 | E9: 5000 | F9: 649.1 | G9: 10065.19 | H9: 434.81 | I9: -5500
A10: FUND: Operational - 11000 | B10: FUNCTION: INSTRUCTION - 1000 | C10: OBJECT: ADDITIONAL COMPENSATION - 51300 | D10: 1500 | E10: 1500 | F10: 130.42 | G10: 1369.41 | H10: 130.48 | I10: 0.11
A11: FUND: Operational - 11000 | B11: FUNCTION: INSTRUCTION - 1000 | C11: OBJECT: ADDITIONAL COMPENSATION - 51300 | D11: 0 | E11: 0 | F11: 0 | G11: 1258.68 | H11: 0 | I11: -1258.68
A12: FUND: Operational - 11000 | B12: FUNCTION: INSTRUCTION - 1000 | C12: OBJECT: ADDITIONAL COMPENSATION - 51300 | D12: 1500 | E12: 1500 | F12: 130.44 | G12: 1369.62 | H12: 130.49 | I12: -0.11
A13: FUND: Operational - 11000 | B13: FUNCTION: INSTRUCTION - 1000 | C13: OBJECT: RETIREMENT - 52111 | D13: 131481 | E13: 131481 | F13: 7889.57 | G13: 88014.37 | H13: 11736.53 | I13: 31730.1
... A363: FUND: Capital Outlay Special - 31703 | B363: FUNCTION: Capital Outlay - 4000 | C363: OBJECT: Supply Assets ($5k or Less) - 56119 | D363: 15215 | E363: 15215 | F363: 0 | G363: 0 | H363: 0 | I363: 15215

Sheet May 2024 Revenue
A1: Las Montañas Charter High School Revenue Listing
A2: 2023-2024
A3: May
A5: Account | B5: Date | C5: Credit | D5: Memo
A6: 24189.0000.44500.0000.000000.0000 | B6: 45413 | C6: 4250.34 | D6: Title IV: RfR #2
A7: 21000.0000.44500.0000.567001.0000 | B7: 45422 | C7: 1948.26 | D7: Student Nutrition: March 2024
A8: 11000.0000.43101.0000.567001.0000 | B8: 45422 | C8: 170041.13 | D8: Operational SEG
A9: 21000.0000.41603.0000.567001.0000 | B9: 45426 | C9: 10 | D9: Adult Meal Fees
A10: 23013.0000.41701.0000.000000.0000 | B10: 45426 | C10: 100 | D10: Fundraiser: Home & Garden Show
A11: 25153.0000.44301.0000.567001.0000 | B11: 45427 | C11: 2134.3 | D11: Medicaid: Admin Claim October - December 2023
A12: 25153.0000.44301.0000.567001.0000 | B12: 45428 | C12: 54.26 | D12: Medicaid: Direct Services April - June 2023
A13: 24106.0000.44500.0000.567001.0000 | B13: 45429 | C13: 11734.88 | D13: Entitlement: RfR #3
A14: 24174.0000.44500.0000.567001.0000 | B14: 45432 | C14: 1809.93 | D14: Carl Perkins: RfR #2
A15: 24101.0000.44500.0000.000000.0000 | B15: 45432 | C15: 2457.46 | D15: Title I: RfR #4
A16: 23000.0000.41701.0000.000000.0000 | B16: 45434 | C16: 10 | D16: GA: T-shirt Sale
A17: 31600.0000.41110.0000.567001.0000 | B17: 45441 | C17: 17.97 | D17: HB 33
A18: 24174.0000.44500.0000.000000.0000 | B18: 45441 | C18: 2658.39 | D18: Carl Perkins: RfR #3
B23: TOTAL: | C23: =SUM(C6:C22) -> 197226.92

Sheet May 2024 Disbursement Detail
A1: Description | B1: UnitPrice | C1: SalesTax | D1: UseTax | E1: Freight | F1: Qty | G1: Invoice | H1: InvoiceDate | I1: CheckNumber | J1: CheckDate | K1: PONumber | L1: RemitName | M1: TotalCost | N1: Account | O1: Voucher | P1: VoucherDate | Q1: Description255 | R1: Fund
A2: Annual Substitute Services | B2: 1167.6 | C2: 0 | D2: 0 | E2: 0 | F2: 1 | G2: 13187 | H2: 45418 | I2: 0 | J2: 45420 | K2: 2024040 | L2: ACES | M2: 1167.6 | N2: 1100010005591510105670010000 | O2: 1236 | P2: 45420 | Q2: Annual Substitute Services | R2: 11000
A3: Annual Substitute Services | B3: 1167.6 | C3: 0 | D3: 0 | E3: 0 | F3: 1 | G3: 13326 | H3: 45433 | I3: 0 | J3: 45435 | K3: 2024040 | L3: ACES | M3: 1167.6 | N3: 1100010005591510105670010000 | O3: 1251 | P3: 45435 | Q3: Annual Substitute Services | R3: 11000
A4: Liability Payable Deferred Comp | B4: 335.5 | C4: 0 | D4: 0 | E4: 0 | F4: 1 | G4: V190749 | H4: 45442 | I4: 0 | J4: 45442 | L4: Aflac | M4: 335.5 | N4: 1100000002101200000000000000 | O4: 1256 | P4: 45442 | R4: 11000
A5: Liability payable | B5: 21.84 | C5: 0 | D5: 0 | E5: 0 | F5: 1 | G5: V190749 | H5: 45442 | I5: 0 | J5: 45442 | L5: Aflac | M5: 21.84 | N5: 2433000002101200000000000000 | O5: 1256 | P5: 45442 | R5: 24330
A6: Liability Payable Deferred Comp | B6: 335.5 | C6: 0 | D6: 0 | E6: 0 | F6: 1 | G6: V881455 | H6: 45427 | I6: 0 | J6: 45442 | L6: Aflac | M6: 335.5 | N6: 1100000002101200000000000000 | O6: 1256 | P6: 45442 | R6: 11000
A7: Liability payable | B7: 21.84 | C7: 0 | D7: 0 | E7: 0 | F7: 1 | G7: V881455 | H7: 45427 | I7: 0 | J7: 45442 | L7: Aflac | M7: 21.84 | N7: 2433000002101200000000000000 | O7: 1256 | P7: 45442 | R7: 24330
A8: CTE Showcase Supplies | B8: 2.69 | C8: 0 | D8: 0 | E8: 0 | F8: 10 | G8: 1NKM-CRPP-DGXN | H8: 45418 | I8: 0 | J8: 45420 | K8: 2024154 | L8: Amazon.com, Sales Inc. | M8: 26.9 | N8: 1100010005611830005670010000 | O8: 1235 | P8: 45420 | Q8: CTE Showcase Supplies | R8: 11000
A9: Squishies, Valentines Day Mochi Squishy Toys 32 Pack | B9: 6.99 | C9: 0 | D9: 0 | E9: 0 | F9: 1 | G9: 1NKM-CRPP-DGXN | H9: 45418 | I9: 0 | J9: 45420 | K9: 2024154 | L9: Amazon.com, Sales Inc. | M9: 6.99 | N9: 2300930005611800005670010000 | O9: 1235 | P9: 45420 | Q9: Squishies, Valentines Day Mochi Squishy Toys 32 Pack | R9: 23009
A10: Fidget Toys Set 80 Pack Sensory Toys Party Favors | B10: 19.95 | C10: 0 | D10: 0 | E10: 0 | F10: 1 | G10: 1NKM-CRPP-DGXN | H10: 45418 | I10: 0 | J10: 45420 | K10: 2024154 | L10: Amazon.com, Sales Inc. | M10: 19.95 | N10: 2300930005611800005670010000 | O10: 1235 | P10: 45420 | Q10: Fidget Toys Set 80 Pack Sensory Toys Party Favors | R10: 23009
A11: Annual Custodial Supplies | B11: 145.57 | C11: 0 | D11: 0 | E11: 0 | F11: 1 | G11: 0870650 | H11: 45418 | I11: 9199 | J11: 45420 | K11: 2024000 | L11: American Linen Supply | M11: 145.57 | N11: 1100026005611800005670010000 | O11: 1237 | P11: 45420 | Q11: Annual Custodial Supplies | R11: 11000
A12: Annual Custodial Supplies | B12: 145.57 | C12: 0 | D12: 0 | E12: 0 | F12: 1 | G12: 0873641 | H12: 45418 | I12: 9199 | J12: 45420 | K12: 2024000 | L12: American Linen Supply | M12: 145.57 | N12: 1100026005611800005670010000 | O12: 1237 | P12: 45420 | Q12: Annual Custodial Supplies | R12: 11000
A13: 4.37% Discount Applied - Annual Custodial Supplies | B13: -4.37 | C13: 0 | D13: 0 | E13: 0 | F13: 1 | G13: 0873641 | H13: 45418 | I13: 9199 | J13: 45420 | K13: 2024000 | L13: American Linen Supply | M13: -4.37 | N13: 1100026005611800005670010000 | O13: 1237 | P13: 45420 | Q13: Annual Custodial Supplies | R13: 11000
A14: Annual Psych Services | B14: 1105 | C14: 0 | D14: 0 | E14: 0 | F14: 1 | G14: Apr.2024 | H14: 45419 | I14: 0 | J14: 45421 | K14: 2024032 | L14: Barraza Consultation Services | M14: 1105 | N14: 2410621005321520005670010000 | O14: 1238 | P14: 45421 | Q14: Annual Psych Services | R14: 24106
A15: Zoom Communications: Annual Subscription | B15: 172.8 | C15: 0 | D15: 0 | E15: 0 | F15: 1 | G15: V127604 | H15: 45419 | I15: 0 | J15: 45435 | K15: 2024052 | L15: BMO Harris Bank N.A. | M15: 172.8 | N15: 1100023005371100005670010000 | O15: 1252 | P15: 45435 | Q15: Zoom Communications: Annual Subscription | R15: 11000
A16: Graduation Flower Arrangements | B16: 0 | C16: 0 | D16: 0 | E16: 0 | F16: 1 | G16: V370407 | H16: 45434 | I16: 0 | J16: 45435 | K16: 2024053 | L16: BMO Harris Bank N.A. | M16: 0 | N16: 1100010005611810105670010000 | O16: 1252 | P16: 45435 | Q16: Graduation Flower Arrangements | R16: 11000
A17: Graduation Decor | B17: 0 | C17: 0 | D17: 0 | E17: 0 | F17: 1 | G17: V370407 | H17: 45434 | I17: 0 | J17: 45435 | K17: 2024053 | L17: BMO Harris Bank N.A. | M17: 0 | N17: 1100010005611810105670010000 | O17: 1252 | P17: 45435 | Q17: Graduation Decor | R17: 11000
A18: Staff Holiday Incentive | B18: 0 | C18: 0 | D18: 0 | E18: 0 | F18: 1 | G18: V370407 | H18: 45434 | I18: 0 | J18: 45435 | K18: 2024053 | L18: BMO Harris Bank N.A. | M18: 0 | N18: 2300030005341400005670010000 | O18: 1252 | P18: 45435 | Q18: Staff Holiday Incentive | R18: 23000
A19: Staff PD Working Lunch 1/3/24 | B19: 0 | C19: 0 | D19: 0 | E19: 0 | F19: 1 | G19: V370407 | H19: 45434 | I19: 0 | J19: 45435 | K19: 2024053 | L19: BMO Harris Bank N.A. | M19: 0 | N19: 2300030005341400005670010000 | O19: 1252 | P19: 45435 | Q19: Staff PD Working Lunch 1/3/24 | R19: 23000
... A86: 24-HR Meal Allowance: ACE Leadership Visit | B86: 0 | C86: 0 | D86: 0 | E86: 0 | F86: 2 | G86: V887153 | H86: 45434 | I86: 0 | J86: 45435 | K86: 2024151 | L86: Cisneros, Antoinette | M86: 0 | N86: 1100022005333030005670010000 | O86: 1251 | P86: 45435 | Q86: 24-HR Meal Allowance: ACE Leadership Visit | R86: 11000
A87: Liability payble FICA, SS, Fed Tax | B87: 6398.42 | C87: 0 | D87: 0 | E87: 0 | F87: 1 | G87: V194188 | H87: 45427 | I87: 0 | J87: 45427 | L87: Citizens Bank-LC | M87: 6398.42 | N87: 1100000002101300000000000000 | O87: 1249 | P87: 45427 | R87: 11000
A88: Liability payble FICA, SS, Fed Tax | B88: 344.14 | C88: 0 | D88: 0 | E88: 0 | F88: 1 | G88: V194188 | H88: 45427 | I88: 0 | J88: 45427 | L88: Citizens Bank-LC | M88: 344.14 | N88: 2410100002101300000000000000 | O88: 1249 | P88: 45427 | R88: 24101
A89: Liability payble | B89: 202.62 | C89: 0 | D89: 0 | E89: 0 | F89: 1 | G89: V194188 | H89: 45427 | I89: 0 | J89: 45427 | L89: Citizens Bank-LC | M89: 202.62 | N89: 2433000002101300000000000000 | O89: 1249 | P89: 45427 | R89: 24330
A90: Liability payble | B90: 319.96 | C90: 0 | D90: 0 | E90: 0 | F90: 1 | G90: V194188 | H90: 45427 | I90: 0 | J90: 45427 | L90: Citizens Bank-LC | M90: 319.96 | N90: 2750200002101300000000000000 | O90: 1249 | P90: 45427 | R90: 27502
A91: Liability-DD | B91: 489.17 | C91: 0 | D91: 0 | E91: 0 | F91: 1 | G91: V23987 | H91: 45427 | I91: 0 | J91: 45427 | L91: Citizens Bank-LC | M91: 489.17 | N91: 2755200002102200000000000000 | O91: 1248 | P91: 45427 | R91: 27552
A92: Liability-DD | B92: 1869.21 | C92: 0 | D92: 0 | E92: 0 | F92: 1 | G92: V247214 | H92: 45427 | I92: 0 | J92: 45427 | L92: Citizens Bank-LC | M92: 1869.21 | N92: 2755200002102200000000000000 | O92: 1248 | P92: 45427 | R92: 27552
A93: Liability Payable Deferred Comp | B93: 4130.08 | C93: 0 | D93: 0 | E93: 0 | F93: 1 | G93: V254543 | H93: 45442 | I93: 0 | J93: 45442 | L93: Citizens Bank-LC | M93: 4130.08 | N93: 1100000002101200000000000000 | O93: 1255 | P93: 45442 | R93: 11000
A94: Liability payable Deferred Comp | B94: 214.12 | C94: 0 | D94: 0 | E94: 0 | F94: 1 | G94: V254543 | H94: 45442 | I94: 0 | J94: 45442 | L94: Citizens Bank-LC | M94: 214.12 | N94: 2410100002101200000000000000 | O94: 1255 | P94: 45442 | R94: 24101
A95: Liability payable | B95: 54.66 | C95: 0 | D95: 0 | E95: 0 | F95: 1 | G95: V254543 | H95: 45442 | I95: 0 | J95: 45442 | L95: Citizens Bank-LC | M95: 54.66 | N95: 2433000002101200000000000000 | O95: 1255 | P95: 45442 | R95: 24330
A96: Liability payble | B96: 90.64 | C96: 0 | D96: 0 | E96: 0 | F96: 1 | G96: V255987 | H96: 45442 | I96: 0 | J96: 45442 | L96: Citizens Bank-LC | M96: 90.64 | N96: 2755200002101300000000000000 | O96: 1255 | P96: 45442 | R96: 27552
A97: Liability-DD | B97: 10.83 | C97: 0 | D97: 0 | E97: 0 | F97: 1 | G97: V330886 | H97: 45427 | I97: 0 | J97: 45427 | L97: Citizens Bank-LC | M97: 10.83 | N97: 1100000002102200000000000000 | O97: 1248 | P97: 45427 | R97: 11000
A98: Liability payable | B98: 36.76 | C98: 0 | D98: 0 | E98: 0 | F98: 1 | G98: V331473 | H98: 45427 | I98: 0 | J98: 45427 | L98: Citizens Bank-LC | M98: 36.76 | N98: 2755200002101200000000000000 | O98: 1249 | P98: 45427 | R98: 27552
... A126: Liability payble | B126: 387.5 | C126: 0 | D126: 0 | E126: 0 | F126: 1 | G126: V970390 | H126: 45442 | I126: 0 | J126: 45442 | L126: Citizens Bank-LC | M126: 387.5 | N126: 2755200002101300000000000000 | O126: 1255 | P126: 45442 | R126: 27552
A127: Natural Gas | B127: 95.02 | C127: 0 | D127: 0 | E127: 0 | F127: 1 | G127: V540752 | H127: 45418 | I127: 0 | J127: 45418 | K127: 2024001 | L127: City of Las Cruces | M127: 95.02 | N127: 1100026005441200005670010000 | O127: 1232 | P127: 45418 | Q127: Natural Gas | R127: 11000
A128: Water/Sewage | B128: 388.5 | C128: 0 | D128: 0 | E128: 0 | F128: 1 | G128: V540752 | H128: 45418 | I128: 0 | J128: 45418 | K128: 2024001 | L128: City of Las Cruces | M128: 388.5 | N128: 1100026005441500005670010000 | O128: 1232 | P128: 45418 | Q128: Water/Sewage | R128: 11000
A129: Annual Student Nutrition Services | B129: 10310.6 | C129: 0 | D129: 0 | E129: 0 | F129: 1 | G129: 2692,2693 | H129: 45418 | I129: 0 | J129: 45418 | K129: 2024033 | L129: Craving Cafe & Catering | M129: 10310.6 | N129: 1100031005611600005670010000 | O129: 1234 | P129: 45418 | Q129: Annual Student Nutrition Services | R129: 11000
A130: Annual Lease Contract #500-50316224 Start Date 6/8/2022 | B130: 711 | C130: 0 | D130: 0 | E130: 0 | F130: 1 | G130: 82472417 | H130: 45418 | I130: 0 | J130: 45420 | K130: 2024005 | L130: DeLage Landen | M130: 711 | N130: 1100026005463000005670010000 | O130: 1235 | P130: 45420 | Q130: Annual Lease Contract #500-50316224 Start Date 6/8/2022 | R130: 11000
A131: Annual Lease Contract #500-50316224 Start Date 6/8/2022 | B131: 149.66 | C131: 0 | D131: 0 | E131: 0 | F131: 1 | G131: 824746652 | H131: 45418 | I131: 0 | J131: 45420 | K131: 2024005 | L131: DeLage Landen | M131: 149.66 | N131: 1100026005463000005670010000 | O131: 1235 | P131: 45420 | Q131: Annual Lease Contract #500-50316224 Start Date 6/8/2022 | R131: 11000
A132: Liability payable ERB | B132: 15605.31 | C132: 0 | D132: 0 | E132: 0 | F132: 1 | G132: V477605 | H132: 45442 | I132: 0 | J132: 45442 | L132: Educational Retirement Board | M132: 15605.31 | N132: 1100000002102300000000000000 | O132: 1261 | P132: 45442 | R132: 11000
A133: Liability payable ERB | B133: 800.71 | C133: 0 | D133: 0 | E133: 0 | F133: 1 | G133: V477605 | H133: 45442 | I133: 0 | J133: 45442 | L133: Educational Retirement Board | M133: 800.71 | N133: 2410100002102300000000000000 | O133: 1261 | P133: 45442 | R133: 24101
A134: Liability payable ERB | B134: 471.4 | C134: 0 | D134: 0 | E134: 0 | F134: 1 | G134: V477605 | H134: 45442 | I134: 0 | J134: 45442 | L134: Educational Retirement Board | M134: 471.4 | N134: 2433000002102300000000000000 | O134: 1261 | P134: 45442 | R134: 24330
A135: Liability payable ERB | B135: 901.57 | C135: 0 | D135: 0 | E135: 0 | F135: 1 | G135: V595730 | H135: 45427 | I135: 0 | J135: 45442 | L135: Educational Retirement Board | M135: 901.57 | N135: 2755200002102300000000000000 | O135: 1261 | P135: 45442 | R135: 27552
A136: Liability payable ERB | B136: 14860.9 | C136: 0 | D136: 0 | E136: 0 | F136: 1 | G136: V630112 | H136: 45427 | I136: 0 | J136: 45442 | L136: Educational Retirement Board | M136: 14860.9 | N136: 1100000002102300000000000000 | O136: 1261 | P136: 45442 | R136: 11000
A137: Liability payable ERB | B137: 800.71 | C137: 0 | D137: 0 | E137: 0 | F137: 1 | G137: V630112 | H137: 45427 | I137: 0 | J137: 45442 | L137: Educational Retirement Board | M137: 800.71 | N137: 2410100002102300000000000000 | O137: 1261 | P137: 45442 | R137: 24101
A138: Liability payable ERB | B138: 471.4 | C138: 0 | D138: 0 | E138: 0 | F138: 1 | G138: V630112 | H138: 45427 | I138: 0 | J138: 45442 | L138: Educational Retirement Board | M138: 471.4 | N138: 2433000002102300000000000000 | O138: 1261 | P138: 45442 | R138: 24330
A139: Liability payable ERB | B139: 744.41 | C139: 0 | D139: 0 | E139: 0 | F139: 1 | G139: V630112 | H139: 45427 | I139: 0 | J139: 45442 | L139: Educational Retirement Board | M139: 744.41 | N139: 2750200002102300000000000000 | O139: 1261 | P139: 45442 | R139: 27502
A140: Liability payable ERB | B140: 901.57 | C140: 0 | D140: 0 | E140: 0 | F140: 1 | G140: V689341 | H140: 45442 | I140: 0 | J140: 45442 | L140: Educational Retirement Board | M140: 901.57 | N140: 2755200002102300000000000000 | O140: 1261 | P140: 45442 | R140: 27552
A141: Annual Electric | B141: 1004.3 | C141: 0 | D141: 0 | E141: 0 | F141: 1 | G141: V666844 | H141: 45418 | I141: 0 | J141: 45418 | K141: 2024002 | L141: El Paso Electric | M141: 1004.3 | N141: 1100026005441100005670010000 | O141: 1232 | P141: 45418 | Q141: Annual Electric | R141: 11000
A142: 24-HR Meal Allowance: EdRising February 2024 | B142: 27.97 | C142: 0 | D142: 0 | E142: 0 | F142: 1 | G142: V563413 | H142: 45434 | I142: 0 | J142: 45435 | K142: 2024160 | L142: Fuentes, Brandi | M142: 27.97 | N142: 1100022005333030005670010000 | O142: 1251 | P142: 45435 | Q142: 24-HR Meal Allowance: EdRising February 2024 | R142: 11000
A143: 24-HR Meal Allowance: NMACTE Conference April 2024 | B143: 64.3 | C143: 0 | D143: 0 | E143: 0 | F143: 1 | G143: V563413 | H143: 45434 | I143: 0 | J143: 45435 | K143: 2024160 | L143: Fuentes, Brandi | M143: 64.3 | N143: 1100022005333030005670010000 | O143: 1251 | P143: 45435 | Q143: 24-HR Meal Allowance: NMACTE Conference April 2024 | R143: 11000
A144: Liability Payable Deferred Comp | B144: 17.33 | C144: 0 | D144: 0 | E144: 0 | F144: 1 | G144: V215315 | H144: 45442 | I144: 9207 | J144: 45442 | L144: Globe Life | M144: 17.33 | N144: 1100000002101200000000000000 | O144: 1260 | P144: 45442 | R144: 11000
A145: Liability Payable Deferred Comp | B145: 17.33 | C145: 0 | D145: 0 | E145: 0 | F145: 1 | G145: V53307 | H145: 45427 | I145: 9207 | J145: 45442 | L145: Globe Life | M145: 17.33 | N145: 1100000002101200000000000000 | O145: 1260 | P145: 45442 | R145: 11000
A146: Construction Pathway Supplies/Hardware Allotment | B146: 180.16 | C146: 0 | D146: 0 | E146: 0 | F146: 1 | G146: 4252024 | H146: 45418 | I146: 9201 | J146: 45420 | K146: 2024155 | L146: Hayden's Hardware | M146: 180.16 | N146: 2433010005611830005670010000 | O146: 1237 | P146: 45420 | Q146: Construction Pathway Supplies/Hardware Allotment | R146: 24330
A147: 24-HR Meal Reimbursement Period: SPED Academy 11/15/23 - 11/17/23 10 AM - 10 AM | B147: 0 | C147: 0 | D147: 0 | E147: 0 | F147: 2 | G147: V578462 | H147: 45434 | I147: 0 | J147: 45435 | K147: 2024122 | L147: LEE, JOHN J. | M147: 0 | N147: 1100010005333020005670010000 | O147: 1251 | P147: 45435 | Q147: 24-HR Meal Reimbursement Period: SPED Academy 11/15/23 - 11/17/23 10 AM - 10 AM | R147: 11000
A148: Partial Day Meal Reimbursement Period: SPED Academy 11/17/23 10 AM - 5:30 PM | B148: 0 | C148: 0 | D148: 0 | E148: 0 | F148: 1 | G148: V578462 | H148: 45434 | I148: 0 | J148: 45435 | K148: 2024122 | L148: LEE, JOHN J. | M148: 0 | N148: 1100010005333020005670010000 | O148: 1251 | P148: 45435 | Q148: Partial Day Meal Reimbursement Period: SPED Academy 11/17/23 10 AM - 5:30 PM | R148: 11000
A149: 24-HR Meal Allowance: SPED Director's Meeting February 2024 | B149: 0 | C149: 0 | D149: 0 | E149: 0 | F149: 2 | G149: V578462 | H149: 45434 | I149: 0 | J149: 45435 | K149: 2024122 | L149: LEE, JOHN J. | M149: 0 | N149: 1100022005333020005670010000 | O149: 1251 | P149: 45435 | Q149: 24-HR Meal Allowance: SPED Director's Meeting February 2024 | R149: 11000
A150: Mileage Allowance: 445.8 (mi) | B150: 0 | C150: 0 | D150: 0 | E150: 0 | F150: 445.8 | G150: V578462 | H150: 45434 | I150: 0 | J150: 45435 | K150: 2024122 | L150: LEE, JOHN J. | M150: 0 | N150: 1100022005333020005670010000 | O150: 1251 | P150: 45435 | Q150: Mileage Allowance: 445.8 (mi) | R150: 11000
A151: 24-HR Meal Allowance: NMACTE Conference April 2024 | B151: 40.1 | C151: 0 | D151: 0 | E151: 0 | F151: 1 | G151: V578462 | H151: 45434 | I151: 0 | J151: 45435 | K151: 2024122 | L151: LEE, JOHN J. | M151: 40.1 | N151: 1100022005333030005670010000 | O151: 1251 | P151: 45435 | Q151: 24-HR Meal Allowance: NMACTE Conference April 2024 | R151: 11000
A152: Annual SLP Services - Englishl Evaluations | B152: 520 | C152: 0 | D152: 0 | E152: 0 | F152: 0 | G152: Apr.2024 | H152: 45419 | I152: 0 | J152: 45421 | K152: 2024035 | L152: Maynes, Sandi | M152: 0 | N152: 2410621005321220005670010000 | O152: 1238 | P152: 45421 | Q152: Annual SLP Services - Englishl Evaluations | R152: 24106
A153: Annual SLP Services - Consultations, Therapy, Documentations, Planning, IEP Documentation, & Medicaid Billing | B153: 120 | C153: 87.07 | D153: 0 | E153: 0 | F153: 9 | G153: Apr.2024 | H153: 45419 | I153: 0 | J153: 45421 | K153: 2024035 | L153: Maynes, Sandi | M153: 1167.07 | N153: 2410621005321220005670010000 | O153: 1238 | P153: 45421 | Q153: Annual SLP Services - Consultations, Therapy, Documentations, Planning, IEP Documentation, & Medicaid Billing | R153: 24106
A154: Annual SLP Services - Bilingual Evaluations | B154: 570 | C154: 0 | D154: 0 | E154: 0 | F154: 0 | G154: Apr.2024 | H154: 45419 | I154: 0 | J154: 45421 | K154: 2024035 | L154: Maynes, Sandi | M154: 0 | N154: 2410621005321220005670010000 | O154: 1238 | P154: 45421 | Q154: Annual SLP Services - Bilingual Evaluations | R154: 24106
A155: Liability payable | B155: 90.95 | C155: 0 | D155: 0 | E155: 0 | F155: 1 | G155: V108543 | H155: 45427 | I155: 0 | J155: 45442 | L155: New Mexico Taxation & Revenue | M155: 90.95 | N155: 2755200002101200000000000000 | O155: 1259 | P155: 45442 | R155: 27552
A156: Liability Payable Deferred Comp | B156: 1558.98 | C156: 0 | D156: 0 | E156: 0 | F156: 1 | G156: V146312 | H156: 45427 | I156: 0 | J156: 45442 | L156: New Mexico Taxation & Revenue | M156: 1558.98 | N156: 1100000002101200000000000000 | O156: 1259 | P156: 45442 | R156: 11000
A157: Liability payable Deferred Comp | B157: 82.09 | C157: 0 | D157: 0 | E157: 0 | F157: 1 | G157: V146312 | H157: 45427 | I157: 0 | J157: 45442 | L157: New Mexico Taxation & Revenue | M157: 82.09 | N157: 2410100002101200000000000000 | O157: 1259 | P157: 45442 | R157: 24101
A158: Liability payable | B158: 31.68 | C158: 0 | D158: 0 | E158: 0 | F158: 1 | G158: V146312 | H158: 45427 | I158: 0 | J158: 45442 | L158: New Mexico Taxation & Revenue | M158: 31.68 | N158: 2433000002101200000000000000 | O158: 1259 | P158: 45442 | R158: 24330
A159: Liability payable | B159: 66.1 | C159: 0 | D159: 0 | E159: 0 | F159: 1 | G159: V146312 | H159: 45427 | I159: 0 | J159: 45442 | L159: New Mexico Taxation & Revenue | M159: 66.1 | N159: 2750200002101200000000000000 | O159: 1259 | P159: 45442 | R159: 27502
A160: Liability payable | B160: 90.95 | C160: 0 | D160: 0 | E160: 0 | F160: 1 | G160: V215143 | H160: 45442 | I160: 0 | J160: 45442 | L160: New Mexico Taxation & Revenue | M160: 90.95 | N160: 2755200002101200000000000000 | O160: 1259 | P160: 45442 | R160: 27552
A161: Liability Payable Deferred Comp | B161: 1625.08 | C161: 0 | D161: 0 | E161: 0 | F161: 1 | G161: V981561 | H161: 45442 | I161: 0 | J161: 45442 | L161: New Mexico Taxation & Revenue | M161: 1625.08 | N161: 1100000002101200000000000000 | O161: 1259 | P161: 45442 | R161: 11000
A162: Liability payable Deferred Comp | B162: 82.09 | C162: 0 | D162: 0 | E162: 0 | F162: 1 | G162: V981561 | H162: 45442 | I162: 0 | J162: 45442 | L162: New Mexico Taxation & Revenue | M162: 82.09 | N162: 2410100002101200000000000000 | O162: 1259 | P162: 45442 | R162: 24101
A163: Liability payable | B163: 31.68 | C163: 0 | D163: 0 | E163: 0 | F163: 1 | G163: V981561 | H163: 45442 | I163: 0 | J163: 45442 | L163: New Mexico Taxation & Revenue | M163: 31.68 | N163: 2433000002101200000000000000 | O163: 1259 | P163: 45442 | R163: 24330
A164: Annual UI | B164: 2902.86 | C164: 0 | D164: 0 | E164: 0 | F164: 1 | G164: V520042 | H164: 45440 | I164: 0 | J164: 45440 | K164: 2024074 | L164: NM Dept of Workforce Solutions | M164: 2902.86 | N164: 1100010005250010105670011411 | O164: 1253 | P164: 45440 | Q164: Annual UI | R164: 11000
A165: Liability Payable | B165: -0.02 | C165: 0 | D165: 0 | E165: 0 | F165: 1 | G165: June Premium Adj | H165: 45450 | I165: 0 | J165: 45442 | L165: NMPSIA | M165: -0.02 | N165: 1100000002101800000000000000 | O165: 1257 | P165: 45442 | R165: 11000
A166: Liability Payable | B166: -0.26 | C166: 0 | D166: 0 | E166: 0 | F166: 1 | G166: June Premium Adj | H166: 45450 | I166: 0 | J166: 45442 | L166: NMPSIA | M166: -0.26 | N166: 1100000002101900000000000000 | O166: 1257 | P166: 45442 | R166: 11000
A167: Liability payable BL | B167: 2.82 | C167: 0 | D167: 0 | E167: 0 | F167: 1 | G167: V100048 | H167: 45427 | I167: 0 | J167: 45442 | L167: NMPSIA | M167: 2.82 | N167: 2755200002101900000000000000 | O167: 1257 | P167: 45442 | R167: 27552
A168: Liability payable | B168: 18.13 | C168: 0 | D168: 0 | E168: 0 | F168: 1 | G168: V110723 | H168: 45442 | I168: 0 | J168: 45442 | L168: NMPSIA | M168: 18.13 | N168: 2755200002101800000000000000 | O168: 1257 | P168: 45442 | R168: 27552
A169: Liability payable Disability | B169: 92.06 | C169: 0 | D169: 0 | E169: 0 | F169: 1 | G169: V168764 | H169: 45442 | I169: 0 | J169: 45442 | L169: NMPSIA | M169: 92.06 | N169: 1100000002101800000000000000 | O169: 1257 | P169: 45442 | R169: 11000
A170: Liability payable Disability | B170: 16.1 | C170: 0 | D170: 0 | E170: 0 | F170: 1 | G170: V168764 | H170: 45442 | I170: 0 | J170: 45442 | L170: NMPSIA | M170: 16.1 | N170: 2410100002101800000000000000 | O170: 1257 | P170: 45442 | R170: 24101
A171: Liability payable | B171: 6.32 | C171: 0 | D171: 0 | E171: 0 | F171: 1 | G171: V168764 | H171: 45442 | I171: 0 | J171: 45442 | L171: NMPSIA | M171: 6.32 | N171: 2433000002101800000000000000 | O171: 1257 | P171: 45442 | R171: 24330
A172: Liability payable Life | B172: 69.59 | C172: 0 | D172: 0 | E172: 0 | F172: 1 | G172: V169015 | H172: 45442 | I172: 0 | J172: 45442 | L172: NMPSIA | M172: 69.59 | N172: 1100000002101700000000000000 | O172: 1257 | P172: 45442 | R172: 11000
A173: Liability payable Life | B173: 5.24 | C173: 0 | D173: 0 | E173: 0 | F173: 1 | G173: V169015 | H173: 45442 | I173: 0 | J173: 45442 | L173: NMPSIA | M173: 5.24 | N173: 2410100002101700000000000000 | O173: 1257 | P173: 45442 | R173: 24101
A174: Liability payable | B174: 1.56 | C174: 0 | D174: 0 | E174: 0 | F174: 1 | G174: V169015 | H174: 45442 | I174: 0 | J174: 45442 | L174: NMPSIA | M174: 1.56 | N174: 2433000002101700000000000000 | O174: 1257 | P174: 45442 | R174: 24330
A175: Liability payable BL | B175: 15.95 | C175: 0 | D175: 0 | E175: 0 | F175: 1 | G175: V19654 | H175: 45442 | I175: 0 | J175: 45442 | L175: NMPSIA | M175: 15.95 | N175: 2755200002101900000000000000 | O175: 1257 | P175: 45442 | R175: 27552
A176: Liability payable Bacis Life | B176: 50.46 | C176: 0 | D176: 0 | E176: 0 | F176: 1 | G176: V235788 | H176: 45427 | I176: 0 | J176: 45442 | L176: NMPSIA | M176: 50.46 | N176: 1100000002101900000000000000 | O176: 1257 | P176: 45442 | R176: 11000
... A227: Liability Payable Deferred Comp | B227: 400 | C227: 0 | D227: 0 | E227: 0 | F227: 1 | G227: V83356 | H227: 45442 | I227: 9208 | J227: 45442 | L227: PlanMember | M227: 400 | N227: 1100000002101200000000000000 | O227: 1260 | P227: 45442 | R227: 11000
A228: Fixed Asset Inventory & Management | B228: 3090.68 | C228: 0 | D228: 0 | E228: 0 | F228: 1 | G228: 50856 | H228: 45434 | I228: 9205 | J228: 45434 | K228: 2024173 | L228: Records Consultants, Inc. | M228: 3090.68 | N228: 1100025005591500005670010000 | O228: 1250 | P228: 45434 | Q228: Fixed Asset Inventory & Management | R228: 11000
A229: Fixed Asset Inventory & Management: On-site Training | B229: 0 | C229: 0 | D229: 0 | E229: 0 | F229: 1 | G229: 50856 | H229: 45434 | I229: 9205 | J229: 45434 | K229: 2024173 | L229: Records Consultants, Inc. | M229: 0 | N229: 1100025005591500005670010000 | O229: 1250 | P229: 45434 | Q229: Fixed Asset Inventory & Management: On-site Training | R229: 11000
A230: Fixed Asset Inventory & Management: Bar Code Labels | B230: 0 | C230: 0 | D230: 0 | E230: 0 | F230: 500 | G230: 50856 | H230: 45434 | I230: 9205 | J230: 45434 | K230: 2024173 | L230: Records Consultants, Inc. | M230: 0 | N230: 1100025005591500005670010000 | O230: 1250 | P230: 45434 | Q230: Fixed Asset Inventory & Management: Bar Code Labels | R230: 11000
A231: LSR Ck Blue-Citizens bank L. Cruces | B231: 296.65 | C231: 0 | D231: 0 | E231: 33.87 | F231: 1 | G231: 9004679164 | H231: 45432 | I231: 9206 | J231: 45434 | K231: 2024179 | L231: Safeguard Business Systems | M231: 330.52 | N231: 1100025005611800005670010000 | O231: 1250 | P231: 45434 | Q231: LSR Ck Blue-Citizens bank L. Cruces | R231: 11000
A232: 24-HR Meal Allowance: SIT Conference August 14-16 | B232: 0 | C232: 0 | D232: 0 | E232: 0 | F232: 2 | G232: V920788 | H232: 45434 | I232: 0 | J232: 45435 | K232: 2024064 | L232: Sandoval, Matthew | M232: 0 | N232: 1100010005333010105670010000 | O232: 1251 | P232: 45435 | Q232: 24-HR Meal Allowance: SIT Conference August 14-16 | R232: 11000
A233: Partial Day Meal Allowance: SIT Conference August 14-16 | B233: 0 | C233: 0 | D233: 0 | E233: 0 | F233: 1 | G233: V920788 | H233: 45434 | I233: 0 | J233: 45435 | K233: 2024064 | L233: Sandoval, Matthew | M233: 0 | N233: 1100010005333010105670010000 | O233: 1251 | P233: 45435 | Q233: Partial Day Meal Allowance: SIT Conference August 14-16 | R233: 11000
A234: 24-HR Meal Allowance: CSI 2/12 - 2/14 | B234: 0 | C234: 0 | D234: 0 | E234: 0 | F234: 2.5 | G234: V920788 | H234: 45434 | I234: 0 | J234: 45435 | K234: 2024064 | L234: Sandoval, Matthew | M234: 0 | N234: 1100022005333010105670010000 | O234: 1251 | P234: 45435 | Q234: 24-HR Meal Allowance: CSI 2/12 - 2/14 | R234: 11000
A235: 24-HR Meal Allowance: Spring Budget Workshop | B235: 0 | C235: 0 | D235: 0 | E235: 0 | F235: 3 | G235: V920788 | H235: 45434 | I235: 0 | J235: 45435 | K235: 2024064 | L235: Sandoval, Matthew | M235: 0 | N235: 1100022005333010105670010000 | O235: 1251 | P235: 45435 | Q235: 24-HR Meal Allowance: Spring Budget Workshop | R235: 11000
A236: 24-HR Meal Allowance: CSI April 2024 | B236: 79.06 | C236: 0 | D236: 0 | E236: 0 | F236: 1 | G236: V920788 | H236: 45434 | I236: 0 | J236: 45435 | K236: 2024064 | L236: Sandoval, Matthew | M236: 79.06 | N236: 1100022005333010105670010000 | O236: 1251 | P236: 45435 | Q236: 24-HR Meal Allowance: CSI April 2024 | R236: 11000
A237: 24-HR Meal Allowance: ACE Leadership Site Visit | B237: 0 | C237: 0 | D237: 0 | E237: 0 | F237: 3 | G237: V920788 | H237: 45434 | I237: 0 | J237: 45435 | K237: 2024064 | L237: Sandoval, Matthew | M237: 0 | N237: 1100022005333030005670010000 | O237: 1251 | P237: 45435 | Q237: 24-HR Meal Allowance: ACE Leadership Site Visit | R237: 11000
A238: 24-HR Meal Allowance: CTE Leadership Workshop Jan 16-19 | B238: 0 | C238: 0 | D238: 0 | E238: 0 | F238: 3 | G238: V920788 | H238: 45434 | I238: 0 | J238: 45435 | K238: 2024064 | L238: Sandoval, Matthew | M238: 0 | N238: 1100022005333030005670010000 | O238: 1251 | P238: 45435 | Q238: 24-HR Meal Allowance: CTE Leadership Workshop Jan 16-19 | R238: 11000
A239: Partial Day Meal Allowance: CTE Leadership Workshop Jan 16-19 | B239: 0 | C239: 0 | D239: 0 | E239: 0 | F239: 1 | G239: V920788 | H239: 45434 | I239: 0 | J239: 45435 | K239: 2024064 | L239: Sandoval, Matthew | M239: 0 | N239: 1100022005333030005670010000 | O239: 1251 | P239: 45435 | Q239: Partial Day Meal Allowance: CTE Leadership Workshop Jan 16-19 | R239: 11000
... A257: Fuel - Business Office Travel | B257: 0 | C257: 0 | D257: 0 | E257: 0 | F257: 0 | G257: 96891869 | H257: 45443 | I257: 0 | J257: 45443 | K257: 2024022 | L257: Wright Express Fleet Services | M257: 0 | N257: 1100025005581300005670010000 | O257: 1262 | P257: 45443 | Q257: Fuel - Business Office Travel | R257: 11000
L262: TOTAL: | M262: =SUBTOTAL(9,M2:M261) -> 216085.1
